 Dungeon Crawl Stone Soup version 0.30-a0-937-ga0a21ad780 (webtiles) character file.

Game seed: 8373658642811631292

2 Nyon the Cudgeller (level 1, 0/19 HPs)
             Began as an Armataur Berserker on Mar 25, 2023.
             Was a Follower of Trog.
             Slain by a kobold
             ... wielding a +0 dagger
              (2 damage)
             ... on level 1 of the Dungeon.
             The game lasted 00:00:34 (166 turns).

Nyon the Cudgeller (Armataur Berserker)              Turns: 166, Time: 00:00:34

Health: 0/19       AC:  4    Str: 22    XL:     1   Next: 33%
Magic:  1/1        EV:  9    Int:  7    God:    Trog [*.....]
Gold:   12         SH:  0    Dex:  9    Spells: 0/0 levels left

rFire   . . .      SeeInvis .    a - +0 mace
rCold   . . .      Faith    .    (no shield)
rNeg    . . .      Spirit   .    b - +0 animal skin
rPois   .          Reflect  .    (no helmet)
rElec   .          Roll     +    (no cloak)
rCorr   .                        (no gloves)
Will    .....                    (no barding)
Stlth   +                        (no amulet)
HPRegen 0.23/turn                (no ring)
MPRegen 0.07/turn                (no ring)

@: no status effects
A: large, rugged brown scales 3, deformed body, armoured tail, roll, long
tongue, awkward tongue
a: Renounce Religion, Berserk


You were on level 1 of the Dungeon.
You worshipped Trog.
Trog was aware of your devotion.
You visited 1 branch of the dungeon, and saw 1 of its levels.

You collected 12 gold pieces.

Inventory:

Hand Weapons
 a - a +0 mace (weapon)
Armour
 b - a +0 animal skin (worn)
Scrolls
 d - a scroll of brand weapon {unknown}
Potions
 c - a potion of heal wounds {unknown}
 e - a potion of mutation {unknown}


   Skills:
 + Level 2.7 Fighting
 + Level 2.7 Maces & Flails
 + Level 2.5 Armour
 + Level 1.4 Dodging


You couldn't memorise any spells.
You didn't know any spells.
Your spell library was empty.

Dungeon Overview and Level Annotations

Branches:
Dungeon (1/15)

Altars:


Innate Abilities, Weirdness & Mutations

You are completely covered in rugged brown scales. (AC +3, +7% HP)
Armour fits poorly on your strangely shaped body.
You have a long armoured tail.
You roll when moving toward enemies. (Rampage)
Your long tongue fully drains potion bottles. (2x potion effects)
Your tongue gives you trouble enunciating. (1.5x scroll delay)


Message History

You completely miss the hobgoblin.
The hobgoblin hits you but does no damage.
You sock the hobgoblin!
You kill the hobgoblin!
Trog accepts your kill.
You see here a hobgoblin corpse.
The frilled lizard bites you. The frilled lizard bites you.
You hit the frilled lizard.
You kill the frilled lizard!
Trog accepts your kill.
You see here a frilled lizard corpse.
d - a scroll labelled MOIWOP GAYCLAOW
e - a fuming brown potion HP restored.
You open the door.
Found an escape hatch in the floor.
Found a ring mail.
A kobold comes into view. It is wielding a +0 dagger.
The kobold shouts!
A kobold comes into view. It is wielding a +0 dagger.
Found a ring mail.
The kobold throws a stone.
The stone misses you. The kobold hits you with a +0 dagger.
The kobold hits you but does no damage. The kobold hits you with a +0 dagger.
The kobold barely misses you. The kobold barely misses you. x2
The kobold barely misses you. The kobold hits you with a +0 dagger.
The kobold closely misses you. The kobold hits you with a +0 dagger.
The kobold hits you with a +0 dagger. The kobold barely misses you.
The kobold hits you but does no damage. The kobold hits you with a +0 dagger.
The kobold hits you with a +0 dagger. The kobold barely misses you.
The kobold closely misses you. x2
The kobold hits you with a +0 dagger.
* * * LOW HITPOINT WARNING * * *
The kobold barely misses you. The kobold hits you with a +0 dagger.
* * * LOW HITPOINT WARNING * * *
The kobold hits you with a +0 dagger.
You die...

#.............. .#
+.............. ..##
#..............
....#######..............
............########+###'
............# #..
...[........# #..
............# #..
....[...@...# #..
........KK..# #..
............# #..
....#####..## #.. ...
#.... #.. .. #..... #.. .
#...... #.. ......# #..
#..


You could see 2 kobolds.

Vanquished Creatures
  A hobgoblin (D:1)
  A frilled lizard (D:1)
  A rat (D:1)
3 creatures vanquished.

Notes
Turn   | Place    | Note
-------+----------+-------------------------------------------
     0 | D:1      | Nyon the Armataur Berserker began the quest for the Orb.
     0 | D:1      | Reached XP level 1. HP: 19/19 MP: 1/1
   166 | D:1      | Slain by a kobold

Illustrated notes

Levels and vault maps discovered:
D:1:      lightli_arrival_quake, layout_basic, corner_web_ring,
          minmay_tetromino_o2

Action                     || total
---------------------------++-------
  Melee: Mace              ||     4
 Armour: Animal skin       ||     4
  Dodge: Dodged            ||    12

Table legend: (Time is in decaauts)
 A = Elapsed time spent in this place.
 B = Non-inter-level travel time spent in this place.
 C = Inter-level travel time spent in this place.
 D = Time resting spent in this place.
 E = Time spent auto-exploring this place.
 F = Levels seen in this place.
 G = Mean time per level.
                   A        B        C        D        E       F      G
               +--------+--------+--------+--------+--------+-----+--------+
         Total |    167 |    167 |      0 |      0 |     40 |   1 |  167.0 |
       Dungeon |    167 |    167 |      0 |      0 |     40 |   1 |  167.0 |
               +--------+--------+--------+--------+--------+-----+--------+

Top non-repeatable levels by time:
     D:1: 167 daAuts
